 Dungeon Crawl Stone Soup version 0.27.1-35-g4d5d836560 (webtiles) character file.

Game seed: 1245593780239999223

121 Froggeryz the Sneak (level 5, -3/35 HPs)
             Began as an Octopode Brigand on Oct 5, 2022.
             Slain by a gnoll (9 damage)
             ... on level 3 of the Dungeon.
             The game lasted 00:02:39 (3095 turns).

Froggeryz the Sneak (Octopode Brigand)              Turns: 3095, Time: 00:02:39

Health: -3/35      AC:  1    Str: 11    XL:     5   Next: 5%
Magic:  14/14      EV: 12    Int: 13    God:
Gold:   144        SH:  0    Dex: 14    Spells: 4/4 levels left

rFire    . . .     SeeInvis .   o - +1 dagger (venom)
rCold    . . .     Faith    .   (no shield)
rNeg     . . .     Spirit   .   (helmet restricted)
rPois    .         Reflect  .   (no amulet)
rElec    .         Harm     .   a - ring of magical power
rCorr    .         Rampage  .   (no ring)
Will     .....                  (no ring)
Stlth    ++++......             (no ring)
HPRegen  0.11/turn              (no ring)
MPRegen  0.14/turn              (no ring)
                                (no ring)
                                (no ring)

@: no status effects
A: almost no armour, amphibious, 8 rings, camouflage 1, gelatinous body 1,
(nimble swimmer 1), tentacles
a: no special abilities


You were on level 3 of the Dungeon.
You visited 1 branch of the dungeon, and saw 3 of its levels.

You collected 144 gold pieces.

Inventory:

Hand Weapons
 k - a +3 dagger
 o - a +1 dagger of venom (weapon)
Missiles
 b - 6 poisoned darts (quivered)
 c - 2 curare-tipped darts
Jewellery
 a - a ring of magical power (left tentacle)
Scrolls
 d - a scroll of immolation {unknown}
 e - a scroll of fear {unknown}
 f - a scroll of teleportation
 g - 2 scrolls of identify {unknown}
 j - a scroll of blinking {unknown}
 n - a scroll of silence {unknown}
 q - a scroll of brand weapon {unknown}
Potions
 h - a potion of might {unknown}
 i - a potion of haste {unknown}
 l - a potion of magic {unknown}
 m - a potion of heal wounds {unknown}
 p - a potion of invisibility {unknown}


   Skills:
 + Level 2.5 Fighting
 * Level 3.6 Short Blades
 - Level 2.0 Throwing
 - Level 1.0 Dodging
 * Level 6.9 Stealth


You had 4 spell levels left.
You didn't know any spells.
Your spell library contained the following spells:

 Spells                   Type           Power      Damage    Failure   Level
 Apportation              Tloc           0%         N/A       30%         1
 Alistair's Intoxication  Tmut/Pois      0%         N/A       100%        5
 Invisibility             Hex            0%         N/A       100%        6


Dungeon Overview and Level Annotations

Branches:
Dungeon (3/15)

Altars:


Innate Abilities, Weirdness & Mutations

You cannot wear most types of armour.
You are amphibious.
You can wear up to eight rings at the same time.
Your skin changes colour to match your surroundings (Stealth+).
Your rubbery body absorbs attacks. (AC +1, EV +1)
((You are camouflaged near water. (Stealth+)))
You have tentacles for arms and can constrict up to eight enemies at once.


Message History

There is an open door here.
Throw: 7 darts (poison)
Press: ? - help, Q - select action, (/) - cycle Shift-Dir - straight line, f - gnoll
Aim: a gnoll, wielding a +0 halberd (64% to hit)
You throw a poisoned dart.
The poisoned dart closely misses the gnoll.
The gnoll hits you from afar with a +0 halberd!
You see here a quokka corpse.
There is an open door here.
There is an open door here.
You close the door.
A gnoll opens the door.
There is a stone staircase leading up here.
You climb upwards.
There is a stone staircase leading down here.
You start resting.
HP restored.
You climb downwards.
The gnoll hits you from afar with a +0 halberd! x2
There is a stone staircase leading up here.
The gnoll misses you.
You climb upwards.
There is a stone staircase leading down here.
You start resting.
HP restored.
You climb downwards.
There is a stone staircase leading up here.
The gnoll barely misses you. The gnoll closely misses you.
You barely miss the gnoll. You grab the gnoll. You squeeze the gnoll!
The gnoll is severely wounded.
You constrict the gnoll. The gnoll barely misses you.
You release your grip on the gnoll.
The gnoll hits you from afar with a +0 halberd!
The gnoll misses you.
There is a stone staircase leading up here.
The gnoll hits you from afar with a +0 halberd!
* * * LOW HITPOINT WARNING * * *
The gnoll hits you with a +0 whip of draining!
You die...

.......# .......#
.......#
.......###### ####
........##..# #..#
........#...####..#
....)...#(..'...g.#
....g...#...####g##
......).##g## #@#
........##.### ###
..##'#####...# .
#g..g.###.# #.###.#
#.# ### #.# #.#
#.###.# #..†..#
#.###.#


You could see 2 gnolls.

Vanquished Creatures
  Robin (D:2)
  2 adders (D:2)
  2 gnolls (D:3)
  2 worms (D:2)
  4 dart slugs
  3 bats
  2 endoplasms (D:2)
  A giant cockroach (D:2)
  13 goblins
  3 hobgoblins (D:2)
  3 jackals
  2 quokkas
  3 ball pythons
  2 frilled lizards
  7 kobolds
  10 rats (D:2)
60 creatures vanquished.

Vanquished Creatures (others)
  2 demonic plants (D:2)
2 creatures vanquished.

Grand Total: 62 creatures vanquished

Notes
Turn   | Place    | Note
-------+----------+-------------------------------------------
     0 | D:1      | Froggeryz the Octopode Brigand began the quest for the Orb.
     0 | D:1      | Reached XP level 1. HP: 14/14 MP: 1/1
   187 | D:1      | Reached XP level 2. HP: 19/19 MP: 2/2
   945 | D:2      | Reached skill level 6 in Stealth
   945 | D:2      | Reached XP level 3. HP: 24/24 MP: 3/3
  1396 | D:2      | Reached XP level 4. HP: 29/29 MP: 4/4
  1457 | D:2      | Noticed Robin
  2072 | D:2      | Found a faded altar of an unknown god.
  2083 | D:2      | Found a faded altar of an unknown god.
  2556 | D:2      | Killed Robin
  2742 | D:3      | Reached XP level 5. HP: 27/35 MP: 5/5
  3095 | D:3      | Slain by a gnoll

Illustrated notes

Levels and vault maps discovered:
D:1:      minmay_arrival_up_and_down, layout_basic, st_stairs_6,
          serial_bayou_pond_a
D:2:      layout_loops_ring, dreamdust_ecumenical_altar_sealed_demon,
          minmay_strange_pillars, minmay_rat_gold_closets, uniq_robin
D:3:      layout_basic, tso_metal_star,
          mainiacjoe_overflow_concentric_impassable,
          gammafunk_ghost_nasty_kobolds, kennysheep_potato,
          uniq_crazy_yiuf_cottage

Skill      XL: |  1  2  3 |
---------------+----------+-----
Stealth        | 6 |  6.9
Short Blades   | 3 |  3.6
Fighting       | |  2.5
Throwing       | |  2.0
Dodging        | |  1.0

Action                   |  1- 3 |  4- 6 || total
-------------------------+-------+-------++-------
Melee: Dagger            |    44 |    45 ||    89
       Constrict         |     6 |    15 ||    21
       Tentacles         |     4 |     9 ||    13
Throw: Dart              |       |     6 ||     6
  Use: Scroll            |       |     1 ||     1
 Stab: Sleeping          |    19 |     6 ||    25
Armor: Skin              |     1 |     1 ||     2
Dodge: Dodged            |    10 |    18 ||    28
